 Dungeon Crawl Stone Soup version 0.29-a0-557-g43b9904bd1 (webtiles) character file.

Game seed: 16900310583795192341

6473 iguanaiguana the Thaumaturge (level 11, 0/76 HPs)
             Began as a Djinni Arcane Marksman on June 8, 2022.
             Was an Initiate of Cheibriados.
             Shot with an arrow by a centaur warrior (23 damage)
             ... on level 8 of the Dungeon.
             The game lasted 00:53:53 (13335 turns).

iguanaiguana the Thaumaturge (DjAM)                Turns: 13335, Time: 00:53:54

Health: 0/76       AC:  6    Str: 10    XL:     11   Next: 19%
Gold:   445        EV: 26    Int: 24    God:    Cheibriados [......] SH: 12 Dex: 16

rFire   + + +      SeeInvis .   a - +2 dagger (elec)
rCold   . . .      Faith    .   I - +2 kite shield of the Evening {rElec rC+ Int+5}
rNeg    . . .      Spirit   .   t - +0 leather armour
rPois   ∞          Reflect  .   w - +1 helmet
rElec   +          Harm     .   i - +0 cloak
rCorr   .          Rampage  .   (no gloves)
Will    +....                   (boots unavailable)
Stlth   ++........              G - amulet of the acrobat
HPRegen 0.22/turn               k - ring of protection from fire
MPRegen 0.00/turn               (no ring)

@: acrobatic, flying, slow
A: sickness immunity, fire resistance 2, cold vulnerability 1, float, innate
caster, HP casting, extra vitality 1
a: Renounce Religion


You were on level 8 of the Dungeon.
You worshipped Cheibriados.
Cheibriados was noncommittal.
You visited 2 branches of the dungeon, and saw 9 of its levels.
You also visited: Bailey.

You collected 517 gold pieces.
You spent 72 gold pieces at shops.

Inventory:

Hand Weapons
 a - a +2 dagger of electrocution (weapon)
 M - a +2 trident of flaming
Missiles
 e - 14 poisoned darts (quivered)
Armour
 i - a +0 cloak (worn)
 t - a +0 leather armour (worn)
 w - a +1 helmet (worn)
 y - an orb of guile
 I - the +2 kite shield of the Evening (worn) {rElec rC+ Int+5}
   (You found it in a bailey)

   Int:       It affects your intelligence (+5).
   rC:        It protects you from cold.
   rElec:     It insulates you from electricity.
 J - the +12 crystal plate armour "Ytatukea" {rCorr Str+8 Slay+3 Stlth+}
   (You found it in a bailey)

   Str:       It affects your strength (+8).
   Slay:      It affects your accuracy & damage with ranged weapons and melee
   (+3).
   rCorr:     It protects you from acid and corrosion.
   Stlth:     It makes you more stealthy.
Magical Staves
 C - a staff of poison
Jewellery
 k - a ring of protection from fire (left hand)
 E - a ring of fire
 G - an amulet of the acrobat (around neck)
Wands
 j - a wand of iceblast (5) {@v2}
 r - a wand of acid (8) {@v1}
 x - a wand of paralysis (17)
 A - a wand of flame (47)
 H - a wand of digging (7) {@v3}
Scrolls
 c - 2 scrolls of vulnerability
 d - 2 scrolls of noise
 f - a scroll of immolation {unknown}
 g - a scroll of enchant weapon
 n - a scroll of poison
 p - a scroll of enchant armour
 s - a scroll of brand weapon
 K - a scroll of identify {@r1}
Potions
 h - a potion of degeneration
 l - a potion of berserk rage
 o - 2 potions of haste {@q4}
 q - a potion of cancellation
 u - 2 potions of might {@q3}
 v - 2 potions of ambrosia {unknown}
 D - a potion of brilliance
 L - a potion of mutation {unknown}


   Skills:
 - Level 6.0 Fighting
 - Level 1.5 Bows
 - Level 4.0 Throwing
 - Level 3.4 Armour
 - Level 3.7 Dodging
 - Level 4.0 Stealth
 * Level 6.9 Shields
 - Level 8.0 Spellcasting
 - Level 4.0 Evocations


You had one spell level left.
You knew the following spells:

 Your Spells              Type           Power      Damage    Failure   Level
a - Frozen Ramparts       Ice            96%        1d11      2%          3
b - Slow                  Hex            100%       N/A       1%          1
c - Scorch                Fire           96%        2d9       1%          2
d - Inner Flame           Hex/Fire       48%        N/A       2%          3
e - Portal Projectile     Hex/Tloc       96%        N/A       2%          3
f - Cause Fear            Hex            24%        N/A       9%          4
g - Necrotize             Necr           100%       1d9       1%          1
h - Ice Form              Ice/Tmut       48%        N/A       9%          4
i - Airstrike             Air            24%        N/A       9%          4
Your spell library was empty.

Dungeon Overview and Level Annotations

Branches:
Dungeon (8/15)             Temple (1/1) D:5          Bailey (visited)
   Lair: D:8-11

Altars:
Ashenzari
Cheibriados
Dithmenos
Elyvilon
Fedhas
Gozag
Hepliaklqana
Makhleb
Nemelex Xobeh
Okawaru
Qazlal
Ru
Sif Muna
Trog
Uskayaw
Vehumet
Wu Jian
Xom
Yredelemnul
Zin
The Shining One

Shops:
D:6 *

Annotations:
D:8 Maggie


Innate Abilities, Weirdness & Mutations

You are immune to sickness and miasma.
You are immune to poison.
Your flesh is very heat resistant. (rF++)
You are vulnerable to cold. (rC-)
You float through the air rather than walking.
You learn spells naturally, not from books.
Your magical power is your life essence.
You have superior vitality. (+4 MHP)


Message History

Casting: Cause Fear (dangerous; 9% risk of failure)
Confirm with . or Enter, or press ? or * to list all spells.
Okay, then.
Casting: Cause Fear (dangerous; 9% risk of failure)
Confirm with . or Enter, or press ? or * to list all spells.
Casting: Cause Fear (dangerous; 9% risk of failure)
Press: ? - help, Dir - look around, f - activate Look: a howler monkey (catching its breath, chance to affect: 85%)
The howler monkey looks frightened!
The centaur warrior looks frightened!
* * * LOW HITPOINT WARNING * * *
Cornered, the centaur warrior turns to fight!
The centaur warrior unwields a +0 dagger.
The centaur warrior wields a +0 longbow.
The centaur warrior shoots an arrow.
You hear a croak.
The centaur warrior shoots an arrow.
Casting: Cause Fear (dangerous; 9% risk of failure)
Confirm with . or Enter, or press ? or * to list all spells.
Casting: Cause Fear (dangerous; 9% risk of failure)
Press: ? - help, Dir - look around, f - activate The centaur warrior resists with almost no effort.
* * * LOW HITPOINT WARNING * * *
The centaur warrior shoots an arrow. x2
Casting: Cause Fear (dangerous; 9% risk of failure)
Confirm with . or Enter, or press ? or * to list all spells.
Casting: Cause Fear (dangerous; 9% risk of failure)
Press: ? - help, Dir - look around, f - activate The centaur warrior looks frightened!
* * * LOW HITPOINT WARNING * * *
Okay, then.
Aiming: Dig
Press: ? - help, Shift-Dir - straight line A rock wall.
The rock shatters into small pieces.
The centaur warrior shoots an arrow. x2
The centaur warrior shoots an arrow.
The centaur warrior shoots an arrow.
You hear a croak.
The centaur warrior shoots an arrow.
The arrow hits you!!
You die...

#.# #.....# #.# #.....# ####
#.###.....# ...#
###########.##.#'#### .#.#
#........##.#c#########
.#.#####........##..####.....#
'#>....'...............#.....#
..######........#..##.##.....#
................@#.##........#
..######[)......##.###.#.....#
..#.)..)))))....##.#
#.#######..
..#)####[[)).<..##.# #.## #..
.)#.#....(......##.# #..# #..
..#)#.##.)......##.# #..# #..
.)#.#.#########.##.# #..# #.#
..#.#.# #.##.# #..#####.#
..#.#.# #.##.# #......$.###


You could see a centaur warrior.

Vanquished Creatures
  A boulder beetle (D:8)
  2 orc knights (Bailey)
  A cyclops (D:6)
  An unseen horror (D:7)
  A tengu conjurer (D:8)
  A hornet (D:8)
  A culicivora (shapeshifter) (D:8)
  2 acid dragons (D:8)
  2 water moccasins
  10 orc warriors
  A black bear (D:4)
  2 ogres
  5 centaurs
  3 phantoms
  2 kobold brigands
  2 bullfrogs
  3 necrophages
  A scorpion (D:6)
  A killer bee (D:6)
  3 howler monkeys
  3 jellies
  3 orc priests
  2 hounds
  A gnoll shaman (D:7)
  2 iguanas
  3 orc wizards
  Robin (D:4)
  18 gnolls
  11 adders
  2 shadow imps (D:7)
  2 ufetubi (D:4)
  2 worms
  5 dart slugs
  58 orcs
  5 ball pythons
  2 bats (D:2)
  5 endoplasms
  A giant cockroach (D:1)
  21 goblins
  7 hobgoblins
  7 jackals
  17 kobolds
  A quokka (D:2)
  3 frilled lizards
  5 rats
232 creatures vanquished.

Vanquished Creatures (collateral kills)
  2 ball pythons (D:2)
2 creatures vanquished.

Vanquished Creatures (others)
  15 plants
15 creatures vanquished.

Grand Total: 249 creatures vanquished

Notes
Turn   | Place    | Note
-------+----------+-------------------------------------------
     0 | D:1      | iguanaiguana the Djinni Arcane Marksman began the quest for
                  | the Orb.
     0 | D:1      | Reached XP level 1. HP: 17/17 MP: 0/0
   225 | D:1      | Reached XP level 2. HP: 21/23 MP: 0/0
   498 | D:1      | Reached XP level 3. HP: 25/29 MP: 0/0
   498 | D:1      | Learned a level 1 spell: Necrotize
   633 | D:1      | Found a faded altar of an unknown god.
  1405 | D:2      | Reached skill level 3 in Spellcasting
  1405 | D:2      | Reached XP level 4. HP: 27/34 MP: 0/0
  1974 | D:2      | Found a stormy altar of Qazlal.
  2545 | D:2      | Reached XP level 5. HP: 34/39 MP: 0/0
  2545 | D:2      | Learned a level 2 spell: Scorch
  2749 | D:3      | Reached skill level 4 in Spellcasting
  3070 | D:3      | Reached XP level 6. HP: 41/45 MP: 0/0
  3724 | D:4      | Killed Robin
  4103 | D:4      | Noticed a black bear
  4119 | D:4      | Killed a black bear
  4120 | D:4      | Reached skill level 5 in Spellcasting
  4120 | D:4      | Reached XP level 7. HP: 29/49 MP: 0/0
  4120 | D:4      | Learned a level 3 spell: Frozen Ramparts
  5239 | D:5      | Entered Level 5 of the Dungeon
  5401 | D:5      | Found a staircase to the Ecumenical Temple.
  5487 | D:5      | Noticed a water moccasin
  5492 | D:5      | Killed a water moccasin
  5493 | D:5      | Reached skill level 6 in Spellcasting
  5715 | D:5      | Reached skill level 1 in Throwing
  5715 | D:5      | Reached XP level 8. HP: 50/55 MP: 0/0
  6230 | D:6      | Found Xaemnosh's General Store.
  6239 | D:6      | Bought a scroll of identify for 24 gold pieces
  6239 | D:6      | Bought a scroll of identify for 24 gold pieces
  6239 | D:6      | Bought a scroll of identify for 24 gold pieces
  6414 | D:6      | Noticed a cyclops
  6425 | D:6      | Killed a cyclops
  6583 | D:6      | Reached skill level 1 in Stealth
  6583 | D:6      | Reached XP level 9. HP: 24/59 MP: 0/0
  6583 | D:6      | Learned a level 4 spell: Ice Form
  9145 | D:7      | Killed an unseen horror
  9146 | D:7      | Reached skill level 7 in Spellcasting
  9448 | D:7      | Reached XP level 10. HP: 59/69 MP: 0/0
  9833 | D:8      | Found a flagged portal.
  9897 | Bailey   | Entered a bailey
 10192 | Bailey   | Reached skill level 5 in Fighting
 10312 | Bailey   | Noticed an orc knight
 10312 | Bailey   | Noticed an orc knight
 10326 | Bailey   | Killed an orc knight
 10327 | Bailey   | Reached skill level 8 in Spellcasting
 10522 | Bailey   | Killed an orc knight
 10740 | Bailey   | Identified the +2 kite shield of the Evening {rElec rC+
                  | Int+5}
 10761 | Bailey   | Reached skill level 1 in Shields
 10844 | Bailey   | Identified the +12 crystal plate armour "Ytatukea" {rCorr
                  | Str+8 Slay+3 Stlth+}
 11939 | D:8      | Noticed a boulder beetle
 12134 | D:8      | Reached skill level 5 in Shields
 12134 | D:8      | Reached XP level 11. HP: 71/76 MP: 0/0
 12134 | D:8      | Learned a level 4 spell: Airstrike
 12417 | Temple   | Entered the Ecumenical Temple
 13014 | Temple   | Became a worshipper of Cheibriados the Contemplative
 13259 | D:8      | Killed a boulder beetle
 13269 | D:8      | Noticed Maggie
 13279 | D:8      | HP: 1/76 [Maggie/bolt of acid (33)]
 13304 | D:8      | Noticed a centaur warrior
 13335 | D:8      | Shot with an arrow by a centaur warrior

Illustrated notes

Levels and vault maps discovered:
D:1:      dpeg_arrival_chambers_temple_mockup, layout_basic,
          basic_ecumenical_altar
D:2:      layout_basic, basic_altar, minmay_shallow_snake_nest
D:3:      layout_loops_ring
D:4:      layout_basic, minmay_pentangle, uniq_robin
D:5:      layout_rooms, minmay_temple_entry_ruins, nrook_uturn
D:6:      layout_loops_corners, serial_shops, shop, kb_rosetta
D:7:      layout_loops_ring, minmay_misc_feat_four_crosses
D:8:      layout_basic, lemuel_round_altar, enter_bailey_5, special_room
          [special_room_orc], minmay_shattered_shrine, uniq_maggie
Temple:   mainiacjoe_temple_starburst

Skill      XL: |  1  2  3  4  5  6  7  8  9 10 11 |
---------------+----------------------------------+-----
Fighting       | 2 4 6 |  6.0
Spellcasting   | 3 4 5 6 7 8 |  8.0
Armour         | 2 3 |  3.4
Throwing       | 1 4 |  4.0
Evocations     | 4 |  4.0
Stealth        | 1 4 |  4.0
Dodging        | 3 |  3.7
Shields        | 5 6 |  6.9
Bows           | |  1.5

Action                   |  1- 3 |  4- 6 |  7- 9 | 10-12 || total
-------------------------+-------+-------+-------+-------++-------
Melee: Dagger            |       |    19 |       |     7 ||    26
       Staff             |       |       |     1 |       ||     1
 Fire: Shortbow          |    43 |     2 |       |       ||    45
Throw: Dart              |       |     1 |    19 |    26 ||    46
 Cast: Slow              |    16 |    24 |    10 |     5 ||    55
       Necrotize         |    21 |    30 |    22 |    34 ||   107
       Scorch            |       |    41 |    62 |    46 ||   149
       Inner Flame       |       |     5 |    43 |    42 ||    90
       Frozen Ramparts   |       |       |    23 |    14 ||    37
       Cause Fear        |       |       |       |     7 ||     7
       Ice Form          |       |       |       |     1 ||     1
       Airstrike         |       |       |       |     2 ||     2
 Abil: End Transformatio |       |       |       |     1 ||     1
Evoke: Wand              |       |       |       |     2 ||     2
  Use: Scroll            |       |     6 |    11 |     5 ||    22
       Potion            |       |       |       |     8 ||     8
Armor: Ring mail         |     7 |     4 |       |       ||    11
       Leather armour    |       |     3 |     4 |     6 ||    13
Dodge: Dodged            |    13 |    21 |    30 |    29 ||    93
Block: Kite shield       |       |       |       |    22 ||    22

Table legend: (Time is in decaauts)
 A = Elapsed time spent in this place.
 B = Non-inter-level travel time spent in this place.
 C = Inter-level travel time spent in this place.
 D = Time resting spent in this place.
 E = Time spent auto-exploring this place.
 F = Levels seen in this place.
 G = Mean time per level.
                   A        B        C        D        E       F      G
               +--------+--------+--------+--------+--------+-----+--------+
         Total |  13430 |  12554 |    876 |   2299 |   8359 |  10 | 1343.0 |
       Dungeon |  11783 |  11021 |    762 |   1951 |   7417 |   8 | 1472.9 |
        Temple |    665 |    552 |    113 |      0 |    542 |   1 |  665.0 |
        Bailey |    981 |    981 |      0 |    348 |    400 |   1 |  981.0 |
               +--------+--------+--------+--------+--------+-----+--------+

Top non-repeatable levels by time:
     D:6: 2382 daAuts
     D:8: 1712 daAuts
     D:4: 1520 daAuts
     D:7: 1476 daAuts
     D:2: 1417 daAuts
     D:1: 1222 daAuts
     D:3: 1106 daAuts
  Bailey: 981 daAuts
     D:5: 945 daAuts
  Temple: 665 daAuts
